 Dungeon Crawl Stone Soup version 0.21-a0-153-g78480df (webtiles) character file.

91673 4thArraOfDagon the Fencer (level 16, -29/127 HPs)
             Began as a Formicid Warper on Aug 1, 2017.
             Was a Priest of the Shining One.
             Annihilated by an Ice Fiend (39 damage)
             ... summoned by a deep elf demonologist
             ... on level 3 of the Elven Halls.
             The game lasted 01:25:01 (21358 turns).

4thArraOfDagon the Fencer (Formicid Warper)        Turns: 21358, Time: 01:25:01

Health: -29/127    AC: 14    Str: 13 (22) XL:     16   Next: 51%
Magic:  26/26      EV: 11    Int: 11 (19) God:    the Shining One [***...]
Gold:   276        SH:  0    Dex:  1 (10) Spells: 15/33 levels left

rFire    . . .     SeeInvis +   e - +0 great sword
rCold    . . .     Gourm    .   (no shield)
rNeg     + . .     Faith    .   V - +1 troll leather armour
rPois    .         Spirit   .   (helmet unavailable)
rElec    .         Reflect  .   (no cloak)
rCorr    .         Harm     .   r - +0 pair of gloves
MR       +....                  w - +2 pair of boots {run}
Stlth    +.........             L - amulet of magic regeneration
HPRegen  0.71/turn              p - +5 ring of intelligence
MPRegen  0.45/turn              J - ring of wizardry

@: glowing, drained, quick
A: permanent stasis, dig shafts and tunnels, four strong arms, antennae 3,
hooves 1, icy blue scales 1, yellow scales 1, camouflage 1, blurry vision 1,
deformed body, deterioration 2, low mp 1
a: Dig, Shaft Self, Divine Shield, Renounce Religion


You were on level 3 of the Elven Halls.
You worshipped the Shining One.
The Shining One was most pleased with you.
You were not hungry.

You visited 5 branches of the dungeon, and saw 27 of its levels.
You also visited: Bailey.

You collected 2157 gold pieces.
You spent 1881 gold pieces at shops.

Inventory:

Hand Weapons
 e - a +0 great sword (weapon)
 D - a +2 hand axe of flaming
 Z - the +4 rapier of Midumaodgh {flame, rElec rPois MR- MP+9}
   (You found it on level 13 of the Dungeon)

   It has been specially enchanted to burn those struck by it, causing extra
   injury to most foes and up to half again as much damage against particularly
   susceptible opponents.
   It insulates you from electricity.
   It protects you from poison.
   It affects your resistance to hostile enchantments.
   It affects your magic capacity (+9).
Missiles
 M - 10 tomahawks (quivered)
 R - 4 throwing nets
Armour
 a - the +4 robe of Augmentation {Str+4 Int+4 Dex+4}
   (You took it off a centaur warrior on level 13 of the Dungeon)

   It affects your strength (+4).
   It affects your intelligence (+4).
   It affects your dexterity (+4).
 r - a +0 pair of gloves (worn)
 w - a +2 pair of boots of running (worn)
 V - a +1 troll leather armour (worn)
Magical Staves
 i - an uncursed staff of energy {!a}
 F - an uncursed staff of wizardry {!a}
Jewellery
 j - an uncursed ring of flight
 l - a +1 ring of protection
 p - a +5 ring of intelligence (left hand)
 J - a ring of wizardry (right hand)
 K - an uncursed ring of protection from cold
 L - an amulet of magic regeneration (around neck)
 Q - an uncursed ring of resist corrosion
 S - a +1 ring of protection
Wands
 d - a wand of lightning (4/15)
 m - a wand of acid (6/15)
 v - a wand of iceblast (8/15)
 G - a wand of flame (20/48)
 N - a wand of clouds (0/9)
Scrolls
 g - 3 scrolls of enchant armour
 k - 16 scrolls of remove curse
 s - 3 scrolls of immolation
 t - 3 scrolls of magic mapping
 y - a scroll of silence
 B - 7 scrolls of enchant weapon
 E - 3 scrolls of recharging {unknown}
 U - a scroll of holy word
 Y - a scroll of fog
Potions
 b - 6 potions of magic
 c - a potion of might
 n - a potion of degeneration {unknown}
 o - 2 potions of resistance {unknown}
 q - a potion of berserk rage {unknown}
 u - 7 potions of curing
 x - 2 potions of flight
 A - 2 potions of invisibility {unknown}
 C - 3 potions of ambrosia {unknown}
 H - 5 potions of brilliance
 T - 3 potions of lignification
 W - a potion of heal wounds
 X - 2 potions of agility {unknown}
Books
 I - a book of Transfigurations

   Spells                             Type                      Level
   a - Irradiate                      Conjuration/Transmutation    5
   b - Statue Form                    Transmutation/Earth          6
   c - Hydra Form                     Transmutation                6
   d - Dragon Form                    Transmutation                7
Miscellaneous
 z - a fan of gales
Comestibles
 f - 10 bread rations
 h - 14 meat rations
 P - a royal jelly


   Skills:
 - Level 12.0(11.8) Fighting
 - Level 15.0(14.8) Long Blades
 - Level 1.0(0.8) Throwing
 - Level 11.4(11.3) Armour
 - Level 10.0(9.8) Dodging
 + Level 9.2(9.1) Spellcasting
 - Level 2.6(2.5) Translocations
 * Level 5.7(5.6) Transmutations
 * Level 6.4(6.3) Earth Magic
 - Level 12.0(11.8) Invocations


You had 15 spell levels left.
You knew the following spells:

 Your Spells              Type           Power        Failure   Level  Hunger
a - Swiftness             Chrm/Air       #.......     11%         2    None
b - Passage of Golubria   Tloc           N/A          22%         4    ####...
c - Shroud of Golubria    Chrm/Tloc      #.........   6%          2    None
d - Lesser Beckoning      Tloc           ##........   7%          3    ##.....
e - Apportation           Tloc           ##....       2%          1    None
f - Statue Form           Tmut/Erth      ###......    61%         6    #######


Dungeon Overview and Level Annotations

Branches:
Dungeon (15/15)            Temple (1/1) D:4            Lair (6/6) D:10
 Shoals (0/4) Lair:4       Spider (0/4) Lair:4        Slime (0/5) Lair:6
    Orc (2/2) D:11            Elf (3/3) Orc:2        Vaults (0/5) D:14
 Depths: D:15

Altars:
Ashenzari
Cheibriados
Dithmenos
Elyvilon
Fedhas
Gozag
Hepliaklqana
Kikubaaqudgha
Makhleb
Nemelex Xobeh
Okawaru
Qazlal
Ru
Sif Muna
Trog
Uskayaw
Vehumet
Wu Jian
Xom
Yredelemnul
Zin
The Shining One

Shops:
D:9 *   D:10 (   D:13 *   Orc:2 *[(*   Elf:2 %%?[   Elf:3 *

Portals:
Trove: D:14 (give +5 demon whip)

Annotations:
D:8 exclusion: ice statue
D:9 Psyche


Innate Abilities, Weirdness & Mutations

You cannot be hasted, slowed, berserked, paralysed or teleported.
You can dig through walls and to a lower floor.
Your four strong arms can wield two-handed weapons with a shield.
You have a pair of large antennae on your head. (SInv)
You have large cloven feet.
You are partially covered in icy blue scales. (AC +2)
You are partially covered in yellow scales. (AC +2)
Your skin changes colour to match your surroundings (Stealth+).
Scrolls take you a little longer to read.
Armour fits poorly on your strangely shaped body.
Your body often deteriorates upon taking damage.
Your magical capacity is low. (-10% MP)


Message History

The deep elf demonologist mumbles some strange words.
You slash the deep elf demonologist!
The deep elf demonologist is severely wounded.
The deep elf demonologist hits you with a short sword.
The Ice Fiend calls on the powers of darkness!
Your body is wracked with pain!
Your body deteriorates!
You feel clumsy.
The deep elf demonologist convulses!
You hit the deep elf demonologist.
The deep elf demonologist is almost dead.
The deep elf demonologist misses you.
You riposte.
You barely miss the deep elf demonologist.
The deep elf demonologist is almost dead.
The Ice Fiend claws you. The Ice Fiend freezes you!!!
* * * LOW HITPOINT WARNING * * *
The Ice Fiend claws you!!
* * * LOW HITPOINT WARNING * * *
Your body deteriorates!
You feel dopey. The Ice Fiend freezes you!!!
You die...

#.#.......# #...#####.......
#####.........# #...#...##......
..............# #...............
....#.........####...............
....#........................)...
.....................[...........
...........#......#......#..#####
....#........###1###.............
.............###@##.#....{....##,
#######.#######e##.###^..#e....##
### ##.########.)## #.###......#
..# #.......###.#.###.# #.#.....
#.# #..###...##..###..# #.#.....
#.####..###...##.......###..#...#
#..............#e......#.#.e.#.##
######.............#<....#...,.#,
# #.....(......###..#.#...,##,


You could see an Ice Fiend and a deep elf demonologist.

Vanquished Creatures
  Kirke (D:13)
  An orc warlord (Orc:2)
  A deep elf elementalist (Elf:3)
  A deep elf demonologist (Elf:3)
  3 deep elf death magi
  Josephine (D:10)
  An ogre mage (D:12)
  A rakshasa (D:13)
  A hydra (D:9)
  Erolcha (Orc:2)
  4 centaur warriors
  7 vault guards (D:14)
  8 two-headed ogres
  A death knight (D:13)
  A deep troll shaman (Lair:6)
  A queen ant (D:11)
  5 death yaks (Lair:6)
  A catoblepas (Lair:6)
  4 dancing weapons
  3 deep elf knights
  2 unseen horrors
  A skeletal warrior (D:12)
  A large abomination (Elf:1)
  5 deep elf archers
  3 phantasmal warriors (D:13)
  A lindwurm (Lair:6)
  An orc knight (Bailey)
  5 ugly things
  3 necromancers (Elf:1)
  11 deep elf magi
  A wolf spider (Lair:4)
  6 cyclopes
  4 manticores
  A black mamba (shapeshifter) (D:13)
  3 elephants (Lair:6)
  2 centaur zombies
  A black mamba (Lair:1)
  2 spiny frogs
  A rime drake (shapeshifter) (Elf:1)
  A yaktaur (D:13)
  9 komodo dragons
  A freezing wraith (D:13)
  2 polar bears
  3 jumping spiders (Lair:4)
  4 trolls
  4 slime creatures
  7 hippogriffs
  2 dream sheep (D:9)
  3 shadows
  A vampire (D:11)
  An air elemental (Elf:3)
  3 wyverns
  3 water elementals
  A hog (D:13)
  41 yaks
  A fire elemental (Elf:2)
  6 wraiths
  2 basilisks
  2 steam dragons
  12 vampire mosquitoes
  5 wargs
  2 acid dragons
  2 soldier ants
  12 water moccasins
  8 porcupines
  A porcupine (shapeshifter) (Elf:1)
  5 sky beasts
  55 orc warriors
  An ice beast (D:13)
  3 black bears
  10 ogres
  2 necrophages
  3 phantoms
  20 centaurs
  11 wolves
  14 crocodiles
  5 big kobolds
  11 bullfrogs
  A gnoll sergeant (D:13)
  A water moccasin zombie (D:8)
  An earth elemental (Elf:3)
  A wyvern zombie (D:13)
  3 scorpions
  11 killer bees
  4 wights (D:6)
  6 howler monkeys
  8 crimson imps
  2 bullfrog zombies
  2 quasits
  3 centaur skeletons
  A jelly (D:7)
  13 orc priests
  2 hounds
  4 bullfrog skeletons
  4 iguanas
  32 worker ants
  24 orc wizards
  2 hound skeletons
  10 gnolls
  14 adders
  4 shadow imps
  An ufetubus (D:8)
  An ooze (D:4)
  2 adder skeletons
  3 worms
  A dart slug (D:1)
  5 leopard geckos
  126 orcs
  7 bats
  4 giant cockroaches
  11 goblins
  4 hobgoblins
  2 jackals (D:3)
  18 kobolds
  7 quokkas
  A ball python (D:1)
  5 frilled lizards
  A leopard gecko zombie (D:5)
  11 rats
743 creatures vanquished.

Vanquished Creatures (others)
  2 humans (D:13)
  7 fungi
  3 plants
12 creatures vanquished.

Grand Total: 755 creatures vanquished

Notes
Turn   | Place    | Note
-------+----------+-------------------------------------------
     0 | D:1      | 4thArraOfDagon the Formicid Warper began the quest for the Orb.
     0 | D:1      | Reached XP level 1. HP: 16/16 MP: 3/3
   101 | D:1      | Reached XP level 2. HP: 17/23 MP: 5/5
   287 | D:3      | Reached XP level 3. HP: 19/28 MP: 6/6
   389 | D:4      | Found a shattered altar of Ashenzari.
   397 | D:4      | Found a staircase to the Ecumenical Temple.
   412 | Temple   | Entered the Ecumenical Temple
   452 | Temple   | Became a worshipper of the Shining One
   548 | D:2      | Reached XP level 4. HP: 26/34 MP: 7/7
   604 | D:2      | Found an opulent altar of Gozag.
   690 | D:2      | Reached skill level 3 in Long Blades
   780 | D:2      | Found a snail-covered altar of Cheibriados.
  1400 | D:2      | Reached XP level 5. HP: 34/40 MP: 8/8
  1936 | D:3      | Found a glowing silver altar of Zin.
  1936 | D:3      | Found a sparkling altar of Nemelex Xobeh.
  2054 | D:3      | You fall through a shaft for 3 floors!
  2137 | D:6      | Reached skill level 1 in Invocations
  2137 | D:6      | Reached XP level 6. HP: 33/47 MP: 9/9
  2275 | D:6      | Noticed an ogre
  2275 | D:6      | Reached * piety under the Shining One
  2291 | D:7      | Killed an ogre
  2291 | D:7      | Reached skill level 4 in Long Blades
  2711 | D:6      | Reached XP level 7. HP: 38/53 MP: 10/10
  2817 | D:5      | Entered Level 5 of the Dungeon
  3331 | D:4      | Reached skill level 5 in Long Blades
  3527 | D:4      | Reached XP level 8. HP: 38/61 MP: 11/11
  3599 | D:3      | Found a faded altar of an unknown god.
  3730 | D:3      | Found a sacrificial altar of Ru.
  4429 | D:5      | Reached skill level 5 in Fighting
  4455 | D:5      | Found a burning altar of Makhleb.
  4467 | D:5      | Reached skill level 6 in Long Blades
  4471 | D:5      | Gained mutation: You have large cloven feet. [mutagenic meat]
  4472 | D:5      | Gained mutation: You are partially covered in yellow scales. (AC +2) [mutagenic meat]
  4473 | D:5      | Gained mutation: You are robust. (+10% HP) [mutagenic meat]
  4474 | D:5      | Gained mutation: Your skin changes colour to match your surroundings (Stealth+). [mutagenic meat]
  4475 | D:5      | Gained mutation: Your body sometimes deteriorates upon taking damage. [mutagenic meat]
  5013 | D:5      | Reached ** piety under the Shining One
  5325 | D:6      | Reached XP level 9. HP: 69/74 MP: 12/12
  5409 | D:6      | You fall through a shaft for 3 floors!
  5441 | D:9      | Noticed a two-headed ogre
  5484 | D:9      | Noticed Psyche
  5484 | D:9      | Noticed a hippogriff
  5509 | D:10     | Entered Level 10 of the Dungeon
  5705 | D:10     | Noticed a hippogriff
  5712 | D:10     | Killed a hippogriff
  5758 | D:10     | Reached skill level 7 in Long Blades
  5758 | D:10     | Reached skill level 5 in Armour
  5761 | D:10     | Gained mutation: Scrolls take you a little longer to read. [mutagenic meat]
  5801 | D:9      | Found Vaisid's Assorted Antiques.
  5815 | D:9      | Noticed a two-headed ogre
  5937 | D:10     | Noticed Josephine
  5954 | D:10     | Reached skill level 5 in Dodging
  5954 | D:10     | Reached skill level 5 in Invocations
  5970 | D:10     | Killed Josephine
  5970 | D:10     | Reached skill level 8 in Long Blades
  5970 | D:10     | Reached XP level 10. HP: 84/84 MP: 12/14
  6003 | D:10     | Noticed a komodo dragon
  6385 | D:9      | Reached *** piety under the Shining One
  6575 | D:8      | Noticed an ice devil
  6576 | D:8      | Noticed an ice devil
  6577 | D:8      | Noticed an ice devil
  6705 | D:7      | Reached skill level 9 in Long Blades
  6918 | D:7      | Found a stormy altar of Qazlal.
  7054 | D:7      | Found a burning altar of Makhleb.
  7581 | D:6      | Reached **** piety under the Shining One
  7701 | D:6      | Reached XP level 11. HP: 59/92 MP: 16/16
  7815 | D:6      | Learned a level 2 spell: Swiftness
  8216 | D:8      | Noticed a two-headed ogre
  8304 | D:9      | Bought a shiny lead wand for 124 gold pieces
  8409 | D:9      | Noticed a two-headed hydra
  8412 | D:9      | Killed a one-headed hydra
  8412 | D:9      | Reached skill level 10 in Long Blades
  8516 | D:9      | Killed a two-headed ogre
  8696 | D:10     | Found Cetoa's Antique Weapon Shop.
  8708 | D:10     | Bought an ancient falchion for 264 gold pieces
  8708 | D:10     | Identified the cursed +1 falchion of Annoyance {slice, rPois} (You bought it in a shop on level 10 of the Dungeon)
  8715 | D:10     | Found a staircase to the Lair.
  8965 | D:12     | Noticed a cyclops
  8993 | D:12     | Killed a cyclops
  9417 | D:12     | Noticed a centaur warrior
  9436 | D:12     | Killed a centaur warrior
  9441 | D:12     | Noticed a two-headed ogre
  9449 | D:12     | Killed a two-headed ogre
  9449 | D:12     | Reached XP level 12. HP: 93/103 MP: 16/18
  9453 | D:12     | Reached skill level 11 in Long Blades
  9462 | D:12     | Noticed a two-headed ogre
  9464 | D:12     | Killed a two-headed ogre
  9473 | D:12     | Noticed a two-headed ogre
  9474 | D:12     | Killed a two-headed ogre
  9480 | D:12     | Noticed a two-headed ogre
  9480 | D:12     | Killed a two-headed ogre
  9485 | D:12     | Noticed an ogre mage
  9486 | D:12     | Killed an ogre mage
  9487 | D:12     | Noticed a two-headed ogre
  9489 | D:12     | Killed a two-headed ogre
  9490 | D:12     | Noticed a two-headed ogre
  9491 | D:12     | Killed a two-headed ogre
  9759 | D:12     | Reached skill level 12 in Long Blades
  9885 | D:11     | Got a faintly humming scale mail
  9929 | D:12     | Identified the +6 scale mail of Makak {rElec Int+2} (You found it on level 11 of the Dungeon)
  9948 | D:12     | Found a glowing golden altar of the Shining One.
 10102 | D:12     | Reached XP level 13. HP: 87/113 MP: 17/19
 10439 | D:13     | Got a smoking rapier
 10458 | D:13     | Identified the +4 rapier of Midumaodgh {flame, rElec rPois MR- MP+9} (You found it on level 13 of the Dungeon)
 10476 | D:13     | Noticed a rakshasa
 10508 | D:13     | Killed a rakshasa
 10508 | D:13     | Reached skill level 10 in Fighting
 10688 | D:13     | Gained mutation: Your muscles are strong. (Str +2) [mutagenic meat]
 10689 | D:13     | Gained mutation: Your magical capacity is low. (-10% MP) [mutagenic meat]
 10690 | D:13     | Gained mutation: You are partially covered in thin metallic scales. (AC +2) [mutagenic meat]
 10730 | D:13     | Noticed a seven-headed hydra
 10731 | D:13     | Noticed a centaur warrior
 10811 | D:14     | Found a flagged portal.
 10856 | Bailey   | Entered a bailey
 11359 | Bailey   | Found a roughly hewn altar of Beogh.
 11584 | D:14     | Found a portal to a secret trove of treasure.
 11625 | D:14     | Reached skill level 10 in Invocations
 11645 | D:14     | Found a snail-covered altar of Cheibriados.
 11709 | D:13     | Noticed a six-headed hydra
 11715 | D:15     | Entered Level 15 of the Dungeon
 11849 | D:15     | Reached skill level 10 in Armour
 11920 | D:14     | Noticed a vault guard
 11923 | D:14     | Noticed a vault guard
 11923 | D:14     | Reached ***** piety under the Shining One
 11924 | D:14     | Noticed a vault guard
 11927 | D:14     | Noticed a vault guard
 11940 | D:14     | Noticed a vault guard
 11941 | D:14     | Noticed a vault guard
 11953 | D:14     | Killed a vault guard
 11957 | D:14     | Killed a vault guard
 11961 | D:14     | Killed a vault guard
 11961 | D:14     | Reached skill level 13 in Long Blades
 11965 | D:14     | Killed a vault guard
 11995 | D:14     | Killed a vault guard
 12003 | D:14     | Found a gate to the Vaults.
 12028 | D:14     | Killed a vault guard
 12045 | D:14     | Noticed a vault guard
 12058 | D:14     | Killed a vault guard
 12408 | D:13     | Reached XP level 14. HP: 81/122 MP: 14/19
 12615 | D:13     | Noticed Kirke
 12633 | D:13     | Killed Kirke
 12681 | D:13     | Found Yggouxig's General Store.
 12697 | D:13     | Bought a potion of lignification for 54 gold pieces
 12697 | D:13     | Bought a potion of lignification for 54 gold pieces
 12954 | D:13     | You fall through a shaft for 2 floors!
 13176 | D:15     | Gained mutation: Your body often deteriorates upon taking damage. [mutagenic meat]
 13177 | D:15     | Gained mutation: You are clumsy. (Dex -2) [mutagenic meat]
 13190 | D:15     | Lost mutation: You are clumsy. (Dex -2) [potion of mutation]
 13190 | D:15     | Lost mutation: You are robust. (+10% HP) [potion of mutation]
 13190 | D:15     | Lost mutation: You are partially covered in thin metallic scales. (AC +2) [potion of mutation]
 13190 | D:15     | Lost mutation: Your muscles are strong. (Str +2) [potion of mutation]
 13190 | D:15     | Gained mutation: Armour fits poorly on your strangely shaped body. [potion of mutation]
 13190 | D:15     | Gained mutation: You are partially covered in icy blue scales. (AC +2) [potion of mutation]
 13318 | D:11     | Found a staircase to the Orcish Mines.
 13464 | D:11     | Reached skill level 14 in Long Blades
 13676 | Orc:1    | Entered Level 1 of the Orcish Mines
 13814 | Orc:2    | Entered Level 2 of the Orcish Mines
 14029 | Orc:2    | Noticed Erolcha
 14051 | Orc:2    | Killed Erolcha
 14120 | Orc:2    | Found a staircase to the Elven Halls.
 14186 | Orc:2    | Noticed an orc warlord
 14236 | Orc:2    | Killed an orc warlord
 14941 | Orc:2    | Found Cuttot's Antique Weapon Shoppe.
 14941 | Orc:2    | Found Qagox's Antique Armour Shop.
 14943 | Orc:2    | Found Mesiojuy's General Store.
 14945 | Orc:2    | Found Ugefuc's Assorted Antiques.
 14949 | Orc:2    | Bought a scroll labeled UPATHI AVIAFU for 25 gold pieces
 14949 | Orc:2    | Bought a scroll labeled WIREANT MOST for 25 gold pieces
 14956 | Orc:2    | Bought a pair of runed boots for 255 gold pieces
 14964 | Orc:2    | Identified a +2 pair of boots of running (You bought it in a shop on level 2 of the Orcish Mines)
 15132 | Orc:2    | Reached XP level 15. HP: 120/120 MP: 21/21
 15471 | Lair:1   | Entered Level 1 of the Lair of Beasts
 15483 | Lair:1   | Got a heavily runed ring mail
 15494 | Lair:1   | Identified the +4 ring mail of Amelioration {rElec rF+ Int+2} (You found it on level 1 of the Lair of Beasts)
 15540 | Lair:1   | Found a snail-covered altar of Cheibriados.
 16434 | Lair:3   | Found a white marble altar of Elyvilon.
 16535 | Lair:3   | Reached skill level 10 in Dodging
 16565 | Lair:3   | Learned a level 4 spell: Passage of Golubria
 16568 | Lair:3   | Learned a level 2 spell: Shroud of Golubria
 16580 | Lair:3   | Learned a level 3 spell: Lesser Beckoning
 16876 | Lair:3   | Reached skill level 15 in Long Blades
 16983 | Lair:4   | Found a staircase to the Shoals.
 17247 | Lair:4   | Found a hole to the Spider Nest.
 17305 | Lair:4   | Reached skill level 5 in Spellcasting
 17463 | Lair:5   | Got a pitted flail
 17468 | Lair:5   | Identified the +3 flail of Libla {crush, rF+} (You found it on level 5 of the Lair of Beasts)
 17661 | Lair:6   | Entered Level 6 of the Lair of Beasts
 17661 | Lair:6   | Found a staircase to the Slime Pits.
 18372 | Lair:6   | Learned a level 1 spell: Apportation
 18667 | D:13     | Bought a book of Transfigurations for 990 gold pieces
 18748 | Orc:1    | Learned a level 6 spell: Statue Form
 18871 | Elf:1    | Entered Level 1 of the Elven Halls
 19015 | Elf:1    | Found a radiant altar of Vehumet.
 19033 | Elf:1    | Reached skill level 1 in Transmutations
 19033 | Elf:1    | Reached skill level 1 in Earth Magic
 19113 | Elf:1    | Reached XP level 16. HP: 120/127 MP: 25/25
 19408 | Elf:1    | Identified the Compendium of Dark Arts
 19416 | Elf:1    | Found a deep blue altar of Sif Muna.
 19752 | Elf:2    | Found Ecrevech's Food Shoppe.
 19766 | Elf:3    | Entered Level 3 of the Elven Halls
 19886 | Elf:3    | Found Deaxzih's Desiderata Depot.
 20081 | Elf:2    | Found Viog's Food Shop.
 20096 | Elf:2    | Found Piaczaph's Magic Scroll Boutique.
 20113 | Elf:2    | Bought a scroll of enchant weapon for 90 gold pieces
 20140 | Elf:2    | Found Oluhas's Antique Armour Boutique.
 20560 | Elf:3    | Reached skill level 5 in Earth Magic
 20992 | Elf:3    | Reached skill level 5 in Transmutations
 21357 | Elf:3    | Noticed an Ice Fiend
 21358 | Elf:3    | Annihilated by an Ice Fiend

Vault maps used:
D:1:      moated_graveyard_arrival
D:2:      lemuel_round_altar, grunt_gozag_breadcrumbs, minmay_pentomino_z2
D:3:      lemuel_coloured_pillars_altar,
          chequers_temple_overflow_statue_of_worship,
          chequers_ecumenical_altar_simple
D:4:      cheibrodos_ashenzari_chains, temple_green, first_bread
D:5:      chequers_big_river, kennysheep_small_circle
D:6:      kennysheep_steamy
D:7:      lemuel_round_altar, nicolae_qazlal_style_of_elements
D:8:      cheibrodos_frozen_isle, special_room, nicolae_tso_besieged_by_evil
D:9:      serial_shops, shop_fountains, hangedman_ranch, uniq_psyche
D:10:     lair_entry_dummy, serial_shops, shop_fountains, uniq_erica,
          uniq_josephine
D:11:     david_orc_1_choice, minmay_another_anthill
D:12:     basic_altar, kennysheep_path_1, minmay_bent
D:13:     minmay_the_grid_triangle_9x9_recursive_2_mashed, serial_shops,
          nicolae_shop_statue_plus, uniq_kirke
D:14:     erik_vaults_2, basic_altar, dk_noncrumbling_3, enter_bailey_2,
          nicolae_trove_entry_diagonal
D:15:     gammafunk_enter_depths_forms, hangedman_decor_slide_cut, uniq_urug,
          uniq_louise
Temple:   eino_wide_crystal_templ
Lair:1:   basic_altar
Lair:2:   minmay_lair_oklob_chamber, grunt_megastairs_2
Lair:3:   basic_altar
Lair:4:   minmay_shoals_entry_beasts, spider_nest_entry_funnel_web, minivault_25
Lair:6:   grunt_lair_end_beastmaster, slime_dummy, basic_altar
Orc:2:    st_orc_rangers, uniq_erolcha
Elf:1:    eino_elf_arrival_altar, serial_shops, shop, minmay_elf_necromancy,
          hangedman_feature_mirror, grunt_ministairs_7
Elf:2:    serial_shops, shop, shop, shop, shop, shop
Elf:3:    minmay_elf_hall_statues, nicolae_alphabet_shops
Bailey:   bailey_polearm_2, bailey

Skill      XL: |  1  2  3  4  5  6  7  8  9 10 11 12 13 14 15 16 |
---------------+-------------------------------------------------+-----
Dodging        | 2 3 4 5 6 7 8 9 10 | 10.0
Long Blades    | 3 4 5 6 8 9 10 12 13 14 15 | 15.0
Armour         | 2 3 4 6 7 8 9 10 11 | 11.4
Fighting       | 3 4 5 6 7 8 9 10 11 12 | 12.0
Invocations    | 1 2 3 5 6 8 9 10 11 12 | 12.0
Spellcasting   | 8 9 |  9.2
Transmutations | 1 5 |  5.7
Earth Magic    | 2 6 |  6.4
Throwing       | |  1.0
Translocations | |  2.6

Action                   |  1- 3 |  4- 6 |  7- 9 | 10-12 | 13-15 | 16-18 || total
-------------------------+-------+-------+-------+-------+-------+-------++-------
Melee: Falchion          |    85 |   283 |       |    22 |    16 |       ||   406
       Great sword       |       |       |   202 |   420 |  1387 |   278 ||  2287
       Kick              |       |       |    26 |   120 |   236 |     2 ||   384
       Long sword        |       |       |       |    14 |       |       ||    14
       Hand axe          |       |       |       |     3 |       |       ||     3
Throw: Stone             |    14 |       |       |       |       |       ||    14
       Tomahawk          |     4 |     1 |       |       |       |       ||     5
 Cast: Statue Form       |       |       |       |       |       |     3 ||     3
Invok: Divine Shield     |       |       |       |     8 |    44 |     8 ||    60
       Cleansing Flame   |       |       |       |     1 |     7 |       ||     8
 Abil: Dig               |       |     3 |    13 |    18 |    65 |    17 ||   116
       Shaft Self        |       |     1 |     1 |       |     1 |       ||     3
       End Transformatio |       |       |       |       |       |     1 ||     1
Evoke: Wand              |       |       |       |       |     1 |     2 ||     3
       Box of beasts     |       |       |       |       |     1 |       ||     1
  Use: Potion            |     1 |     3 |     2 |     1 |     6 |     4 ||    17
       Scroll            |       |       |     5 |     2 |    12 |     4 ||    23
  Eat: Chunk             |       |     8 |    17 |    18 |    41 |     1 ||    85
       Royal jelly       |       |       |     1 |       |     4 |     2 ||     7
       Fruit             |       |       |       |       |    10 |     5 ||    15
Armor: Leather armour    |    18 |       |       |       |       |       ||    18
       Scale mail        |    12 |   123 |    50 |     5 |    15 |       ||   205
       Skin              |       |     9 |    20 |       |     2 |     7 ||    38
       Ring mail         |       |       |    25 |   157 |       |       ||   182
       Troll leather arm |       |       |       |    14 |   355 |    34 ||   403
       Robe              |       |       |       |       |       |     5 ||     5
Dodge: Dodged            |    59 |   167 |   123 |   308 |   790 |    62 ||  1509
Block: Other             |       |       |       |    39 |   298 |    30 ||   367
       Rpst.: Falchion   |    19 |    47 |       |     2 |     1 |       ||    69
       Great sword       |       |       |    35 |    88 |   197 |    22 ||   342
       Long sword        |       |       |       |     2 |       |       ||     2
